 Dungeon Crawl Stone Soup version 0.30-a0-292-g0f741e3f8e (webtiles) character file.

Game seed: 468680024183154865

8218 jlumianski the Cleaver (level 11, -4/81 HPs)
             Began as a Demonspawn Gladiator on Oct 17, 2022.
             Was a Priest of Qazlal.
             Slain by a vampire (9 damage)
             ... on level 10 of the Dungeon.
             The game lasted 00:46:09 (10092 turns).

jlumianski the Cleaver (Demonspawn Gladiator)      Turns: 10092, Time: 00:46:10

Health: -4/81      AC: 15    Str: 19    XL:     11   Next: 7%
Magic:  16/16      EV: 10    Int: 15    God:    Qazlal [***...]
Gold:   218        SH:  4    Dex: 15    Spells: 10/10 levels left

rFire   . . .      SeeInvis .    K - +2 battleaxe (venom)
rCold   . . .      Faith    .    (shield currently unavailable)
rNeg    . . .      Spirit   .    O - +0 plate armour
rPois   +          Reflect  .    c - +2 helmet
rElec   .          Harm     .    (no cloak)
rCorr   .          Rampage  .    u - +2 pair of gloves {Stlth+}
Will    .....                    (no boots)
Stlth   ..........               z - amulet of the acrobat
HPRegen 0.33/turn                F - +6 ring of intelligence
MPRegen 0.15/turn                (no ring)

@: corroded
A: demonic guardian 2, foul stench 2, sturdy frame 2, weakness stinger 1, poison
resistance
a: Renounce Religion, Upheaval, Elemental Force


You were on level 10 of the Dungeon.
You worshipped Qazlal.
Qazlal was most pleased with you.
You visited 2 branches of the dungeon, and saw 12 of its levels.
You also visited: Ossuary.

You collected 508 gold pieces.
You spent 290 gold pieces at shops.

Inventory:

Hand Weapons
 a - a +1 war axe of flaming
 s - a +1 whip of venom
 K - a +2 battleaxe of venom (weapon)
Missiles
 d - 4 throwing nets
 e - a javelin
 o - 10 poisoned darts
 q - 6 boomerangs (quivered)
Armour
 b - a +0 leather armour
 c - a +2 helmet (worn)
 h - a +0 ring mail
 j - a +0 chain mail
 u - a +2 pair of gloves of stealth (worn)
 O - a +0 plate armour (worn)
Jewellery
 m - an amulet of magic regeneration
 z - an amulet of the acrobat (around neck)
 D - a ring of wizardry
 F - a +6 ring of intelligence (left hand)
Wands
 l - a wand of roots (15)
 C - a wand of charming (12)
 L - a wand of polymorph (7)
Scrolls
 f - 2 scrolls of butterflies
 i - 6 scrolls of teleportation
 n - a scroll of enchant armour
 p - 2 scrolls of fear
 t - 2 scrolls of enchant weapon
 y - a scroll of blinking
 A - a scroll of immolation
 B - 2 scrolls of summoning
 J - 3 scrolls of amnesia
 N - a scroll of poison
Potions
 g - a potion of attraction
 k - 6 potions of heal wounds
 r - 4 potions of mutation
 v - a potion of brilliance
 w - a potion of cancellation
 x - 3 potions of curing
 E - 2 potions of ambrosia {unknown}
 G - a potion of invisibility
 H - a potion of flight
 I - a potion of haste
 M - a potion of lignification {unknown}
 P - a potion of magic {unknown}


   Skills:
 + Level 5.9 Fighting
 + Level 10.8 Axes
 + Level 2.5 Throwing
 + Level 6.7 Armour
 + Level 4.2 Dodging
 + Level 2.1 Stealth
 + Level 1.1 Shields
 * Level 6.8 Invocations
 * Level 4.9 Evocations


You had 10 spell levels left.
You didn't know any spells.
Your spell library contained the following spells:

 Spells                   Type           Power      Damage    Failure   Level
 Freeze                   Ice            0%         1d3       88%         1
 Cigotuvi's Dreadful Rot  Necr/Pois/Air  0%         N/A       96%         2
 Poisonous Vapours        Pois/Air       0%         N/A       96%         2
 Sublimation of Blood     Necr           0%         N/A       96%         2
 Wereblood                Tmut           0%         N/A       96%         2
 Frozen Ramparts          Ice            0%         1d1       99%         3
 Hailstorm                Conj/Ice       0%         3d3       99%         3
 Mephitic Cloud           Conj/Pois/Air  0%         N/A       99%         3
 Portal Projectile        Hex/Tloc       0%         N/A       99%         3
 Tukima's Dance           Hex            0%         N/A       99%         3
 Manifold Assault         Tloc           0%         N/A       100%        4
 Passage of Golubria      Tloc           0%         N/A       100%        4
 Sticky Flame             Conj/Fire      0%         2d3       100%        4
 Blade Hands              Tmut           0%         N/A       100%        5
 Fireball                 Conj/Fire      0%         3d3       100%        5
 Silence                  Hex/Air        0%         N/A       100%        5
 Dispersal                Tloc           0%         N/A       100%        6
 Storm Form               Tmut/Air       0%         N/A       100%        7
 Summon Hydra             Summ           0%         N/A       100%        7
 Disjunction              Tloc           0%         N/A       100%        8
 Lehudib's Crystal Spear  Conj/Erth      0%         10d2      100%        8


Dungeon Overview and Level Annotations

Branches:
Dungeon (11/15)            Temple (1/1) D:5             Orc (0/2) D:9
Ossuary (visited)
   Lair: D:8-11

Altars:
Ashenzari
Cheibriados
Dithmenos
Fedhas
Gozag
Hepliaklqana
Kikubaaqudgha
Makhleb
Nemelex Xobeh
Okawaru
Qazlal
Ru
Sif Muna
Trog
Uskayaw
Vehumet
Wu Jian
Xom
Yredelemnul
Lugonu

Shops:
D:4 ([!(

Annotations:
D:4 2 transporters, bande's ghost, amateur GrFi
D:8 1 runed translucent door, freelancePsychic's ghost, novice GrRe
D:9 3 runed translucent doors, ReploidZero's ghost, journeyman TeHu


Innate Abilities, Weirdness & Mutations

A demonic guardian rushes to your aid.
You sometimes emit foul miasma when damaged in melee.
Your movements are less encumbered by armour. (ER -4)
You have a small tail.
Your system is resistant to poisons. (rPois)


Message History

The vampire barely misses you.
The acid dragon bites you but does no damage.
The acid dragon barely misses you.
The vampire hits you but does no damage.
The vampire misses you.
The acid dragon is struck by lightning.
You kill the acid dragon!
Qazlal accepts your kill.
The acid dragon scales are intact enough to wear.
Things that are here:
+0 acid dragon scales; an acid dragon corpse You hit the vampire.
The vampire is moderately damaged.
The vampire hits you but does no damage.
The vampire closely misses you.
You hit the vampire.
The vampire is moderately damaged.
The vampire gestures wildly while chanting.
The vampire flickers and vanishes!
Deactivating autopickup; reactivate with Ctrl-A.
You barely miss something.
You hear some strange, mumbled words.
Something tries to affect you, but you resist.
You miss something. You tail-slap something.
Something hits you but does no damage. Something bites you but does no damage.
You closely miss something.
Your tail-slap misses something.
Something hits you. Something bites you but does no damage.
You slash something! Something draws life force from you!
* * * LOW HITPOINT WARNING * * *
A demonic guardian appears!
Something hits you but does no damage. Something bites you but does no damage.
You closely miss something.
You hear some strange, mumbled words.
Something tries to affect you, but you resist.
You barely miss something. You tail-slap something.
You hear a shout!
Something draws life force from you!
* * * LOW HITPOINT WARNING * * *
You hit something but do no damage. You tail-slap something.
Something hits you!
You die...

.......#....#
.......#....#
#.....#....#
+.....†....#
#....)#....#
.....T.#....#
.......#....#
~.~....#4{..#
~.hS...#†@..#
~.~≈~..#§°..#
~h≈≈~..#....#
#....# ..$..#
......#
......#
.......#


You could see a friendly hellwing (summoned).

Vanquished Creatures
  A boulder beetle (D:9)
  An unseen horror zombie (D:8)
  3 trolls
  A hornet (D:9)
  Sigmund (D:3)
  2 wyverns
  2 steam dragons
  An acid dragon (D:10)
  A water moccasin (D:5)
  4 orc warriors
  A sky beast (D:8)
  A hornet zombie (D:8)
  5 wolves (D:10)
  3 centaurs
  A phantom (D:7)
  A kobold brigand (D:8)
  A bullfrog (D:8)
  2 necrophages
  3 scorpions
  6 water moccasin zombies
  8 killer bees
  2 howler monkeys (D:9)
  4 centaur zombies
  A lava snake (D:9)
  A jelly (D:6)
  A human zombie (D:8)
  An orc priest (D:7)
  6 hounds
  3 iguanas
  Ijyb (D:5)
  9 orc wizards
  A killer bee zombie (D:8)
  2 mummies
  4 howler monkey zombies
  9 gnolls
  9 adders
  A shadow imp (D:7)
  3 white imps
  3 ufetubi
  5 adder zombies (Ossuary)
  4 worms
  2 dart slugs
  23 orcs
  5 bats
  10 endoplasms
  A giant cockroach (D:3)
  11 goblins
  5 hobgoblins
  8 jackals
  A quokka (D:1)
  11 ball pythons
  5 frilled lizards
  3 gnoll zombies (Ossuary)
  2 hobgoblin zombies (Ossuary)
  15 kobolds
  3 kobold zombies (Ossuary)
  An orc zombie (Ossuary)
  5 rats
230 creatures vanquished.

Vanquished Creatures (collateral kills)
  Harold (D:9)
  A two-headed ogre (D:9)
  A troll (D:9)
  A water moccasin (D:5)
  2 necrophages (D:8)
  3 killer bees
  A gnoll bouda (D:6)
  2 iguanas
  2 mummies
  2 gnolls (D:6)
  An adder zombie (Ossuary)
  A goblin (D:3)
  A hobgoblin (D:3)
  2 gnoll zombies (Ossuary)
  A kobold (D:3)
  2 kobold zombies (Ossuary)
  An orc zombie (Ossuary)
  2 rats (D:3)
27 creatures vanquished.

Grand Total: 257 creatures vanquished

Notes
Turn   | Place    | Note
-------+----------+-------------------------------------------
     0 | D:1      | jlumianski the Demonspawn Gladiator began the quest for the
                  | Orb.
     0 | D:1      | Reached XP level 1. HP: 16/16 MP: 1/1
   133 | D:1      | Got Guotui's Grimoire of Injurious Evolution
   149 | D:1      | Gained mutation: A weak demonic guardian rushes to your
                  | aid. [demonic ancestry]
   149 | D:1      | Reached XP level 2. HP: 13/22 MP: 2/2
   286 | D:1      | Reached skill level 3 in Axes
   453 | D:1      | Found a faded altar of an unknown god.
   722 | D:1      | Reached XP level 3. HP: 27/27 MP: 3/3
  1105 | D:2      | Found a basalt altar of Yredelemnul.
  1238 | D:2      | Gained mutation: A demonic guardian rushes to your aid.
                  | [demonic ancestry]
  1238 | D:2      | Reached XP level 4. HP: 33/33 MP: 4/4
  1278 | D:2      | Reached skill level 1 in Armour
  1645 | D:4      | Found Dyapaek's Antique Weapon Boutique.
  1645 | D:4      | Found Tiddess's Armour Boutique.
  1689 | D:4      | Found a sand-covered staircase.
  1700 | D:4      | Reached skill level 4 in Axes
  1705 | Ossuary  | Entered an ossuary
  1770 | Ossuary  | Reached XP level 5. HP: 33/39 MP: 5/5
  1806 | Ossuary  | Reached skill level 5 in Axes
  1898 | Ossuary  | Reached XP level 6. HP: 39/46 MP: 6/6
  2479 | D:3      | Noticed Sigmund
  2487 | D:3      | Killed Sigmund
  2488 | D:3      | Reached skill level 6 in Axes
  2488 | D:3      | Gained mutation: You have a small tail. [demonic ancestry]
  2488 | D:3      | Reached XP level 7. HP: 37/52 MP: 7/7
  2506 | D:3      | Found a hide-covered altar of Uskayaw.
  2507 | D:3      | Gained mutation: Your system is resistant to poisons.
                  | (rPois) [potion of mutation]
  3133 | D:4      | Found Guujaora's Weapon Boutique.
  3137 | D:4      | Found Basyv's Distillery.
  3148 | D:4      | Bought a potion of heal wounds for 50 gold pieces
  3148 | D:4      | Bought a potion of heal wounds for 50 gold pieces
  3199 | D:5      | Entered Level 5 of the Dungeon
  3672 | D:4      | Found a shimmering blue altar of Sif Muna.
  3811 | D:4      | Found a transporter.
  3815 | D:4      | Found a transporter.
  3816 | D:4      | Noticed bande's ghost (amateur GrFi)
  3956 | D:5      | Found an ancient bone altar of Kikubaaqudgha.
  4159 | D:5      | Reached skill level 7 in Axes
  4159 | D:5      | Gained mutation: You may rarely emit foul miasma when
                  | damaged in melee. [demonic ancestry]
  4159 | D:5      | Reached XP level 8. HP: 49/60 MP: 8/8
  4347 | D:5      | Found a shadowy altar of Dithmenos.
  4366 | D:5      | Found a staircase to the Ecumenical Temple.
  4381 | Temple   | Entered the Ecumenical Temple
  4482 | Temple   | Became a worshipper of Qazlal Stormbringer
  4655 | D:6      | Reached skill level 1 in Invocations
  4861 | D:5      | Found a blossoming altar of Fedhas.
  5168 | D:5      | Noticed Ijyb
  5185 | D:5      | Killed Ijyb
  5465 | D:6      | Reached skill level 1 in Evocations
  5601 | D:6      | Reached skill level 8 in Axes
  5852 | D:6      | Found a sacrificial altar of Ru.
  6063 | D:6      | Found a snail-covered altar of Cheibriados.
  6299 | D:8      | Reached * piety under Qazlal
  6387 | D:7      | Gained mutation: Your movements are slightly less
                  | encumbered by armour. (ER -2) [demonic ancestry]
  6387 | D:7      | Reached XP level 9. HP: 64/66 MP: 11/11
  7485 | D:9      | Found a runed translucent gate.
  7485 | D:9      | Found a runed translucent gate.
  7485 | D:9      | Found a runed translucent gate.
  7487 | D:9      | Noticed a centaur warrior
  7487 | D:9      | Noticed ReploidZero's ghost (journeyman TeHu)
  7607 | D:4      | Bought a runed battleaxe for 190 gold pieces
  7726 | D:8      | Reached skill level 9 in Axes
  7782 | D:8      | Reached skill level 5 in Armour
  7947 | D:9      | Noticed a troll
  7953 | D:9      | Killed a troll
  7953 | D:9      | Reached ** piety under Qazlal
  8020 | D:8      | Found an ornate altar of the Wu Jian Council.
  8058 | D:9      | Noticed a boulder beetle
  8072 | D:9      | Killed a boulder beetle
  8073 | D:9      | Reached skill level 5 in Fighting
  8073 | D:9      | Reached skill level 5 in Invocations
  8131 | D:8      | Reached skill level 1 in Stealth
  8296 | D:8      | Found a runed translucent door.
  8296 | D:8      | Found a shimmering altar of Xom.
  8296 | D:8      | Noticed freelancePsychic's ghost (novice GrRe)
  8296 | D:8      | Noticed a +0 dagger of chaos
  8403 | D:8      | Gained mutation: Your movements are less encumbered by
                  | armour. (ER -4) [demonic ancestry]
  8403 | D:8      | Reached XP level 10. HP: 70/74 MP: 13/13
  8587 | D:8      | Found a basalt altar of Yredelemnul.
  8882 | D:10     | Entered Level 10 of the Dungeon
  8885 | D:9      | Noticed Harold
  8901 | D:9      | Killed Harold
  8902 | D:9      | Reached skill level 10 in Axes
  8902 | D:9      | Reached skill level 1 in Shields
  9074 | D:9      | Noticed a two-headed ogre
  9081 | D:9      | Killed a two-headed ogre
  9152 | D:9      | Found a burning altar of Makhleb.
  9667 | D:9      | Reached *** piety under Qazlal
  9721 | D:9      | Found a staircase to the Orcish Mines.
 10058 | D:10     | Gained mutation: You sometimes emit foul miasma when
                  | damaged in melee. [demonic ancestry]
 10058 | D:10     | Reached XP level 11. HP: 45/81 MP: 16/16
 10092 | D:10     | Slain by a vampire

Illustrated notes

Levels and vault maps discovered:
D:1:      eino_arrival_water_star, layout_loops_corners, basic_ecumenical_altar
D:2:      layout_loops_cross, basic_altar, minmay_hedge_maze,
          grunt_ministairs_11
D:3:      minmay_octagon_keep, layout_rooms,
          nicolae_uskayaw_murder_on_the_dancefloor, uniq_sigmund
D:4:      layout_rooms, led_sif_book, gammafunk_ghost_mausoleum,
          gup_ossuary_entry_pyramid, minmay_shop_grid_forest
D:5:      layout_layer_cave, lemuel_round_altar, mainiacjoe_overflow_chevrons,
          marbit_many_paths, minmay_temple_entry_junction_2, uniq_ijyb
D:6:      layout_cave_pools, cheibrodos_worm_habitat,
          nicolae_ru_sacrificial_ziggurat, minmay_misc_feat_more_columns
D:7:      layout_gridville, elyvilon_altar_5, general_overflow_altar,
          serial_undead, serial_undead_b, serial_undead_e, serial_undead_a,
          serial_undead_d
D:8:      layout_basic, lemuel_mausoleum_altar_yredelemnul,
          nzn_wu_jian_contemplation, ebering_ghost_xom
D:9:      layout_small_grid, lightli_temple_of_fire,
          nicolae_tso_carved_into_rock, david_orc_4, gammafunk_ghost_split,
          minmay_misc_feat_room, uniq_harold
D:10:     layout_grid_maze, erik_lair_island
D:11:     layout_big_octagon, grunt_gozag_breadcrumbs
Temple:   kb_corrupted_temple

Skill      XL: |  1  2  3  4  5  6  7  8  9 10 |
---------------+-------------------------------+-----
Axes           | 3 4 5 6 7 8 9 10 | 10.8
Throwing       | 2 |  2.5
Dodging        | 3 4 |  4.2
Armour         | 1 2 3 4 5 6 |  6.7
Fighting       | 3 4 5 |  5.9
Invocations    | 3 5 6 |  6.8
Evocations     | 1 3 4 |  4.9
Stealth        | 1 2 |  2.1
Shields        | 1 |  1.1

Action                   |  1- 3 |  4- 6 |  7- 9 | 10-12 || total
-------------------------+-------+-------+-------+-------++-------
Melee: War axe           |    78 |   179 |   309 |       ||   566
       Punch             |     1 |     1 |     4 |       ||     6
       Tailslap          |       |       |    38 |    24 ||    62
       Battleaxe         |       |       |    37 |   142 ||   179
Throw: Boomerang         |       |     3 |     8 |     2 ||    13
       Dart              |       |     2 |       |       ||     2
Evoke: Wand              |       |       |     1 |       ||     1
  Use: Scroll            |     6 |     3 |    11 |     1 ||    21
       Potion            |       |       |     3 |     4 ||     7
 Stab: Distracted        |       |       |       |     3 ||     3
Armor: Leather armour    |     8 |       |       |       ||     8
       Chain mail        |    30 |   100 |   262 |    59 ||   451
       Plate armour      |       |       |       |    54 ||    54
Dodge: Dodged            |    46 |    52 |   283 |   130 ||   511
Block: Other             |       |       |    12 |    23 ||    35

Table legend: (Time is in decaauts)
 A = Elapsed time spent in this place.
 B = Non-inter-level travel time spent in this place.
 C = Inter-level travel time spent in this place.
 D = Time resting spent in this place.
 E = Time spent auto-exploring this place.
 F = Levels seen in this place.
 G = Mean time per level.
                   A        B        C        D        E       F      G
               +--------+--------+--------+--------+--------+-----+--------+
         Total |  10291 |   9903 |    388 |    698 |   5113 |  13 |  791.6 |
       Dungeon |   9684 |   9296 |    388 |    492 |   5054 |  11 |  880.4 |
        Temple |    127 |    127 |      0 |      0 |     59 |   1 |  127.0 |
       Ossuary |    479 |    479 |      0 |    206 |      0 |   1 |  479.0 |
               +--------+--------+--------+--------+--------+-----+--------+

Top non-repeatable levels by time:
     D:5: 1446 daAuts
     D:8: 1419 daAuts
     D:9: 1198 daAuts
     D:7: 1072 daAuts
     D:1: 1028 daAuts
     D:6: 900 daAuts
     D:2: 845 daAuts
     D:3: 839 daAuts
     D:4: 826 daAuts
 Ossuary: 479 daAuts
  Temple: 127 daAuts
    D:10: 106 daAuts
    D:11: 1 daAuts
